 Dungeon Crawl Stone Soup version 0.19.4 (webtiles) character file.

44 Jynx the Poker (level 3, -4/28 HPs)
             Began as a Merfolk Skald on Jan 31, 2017.
             Slain by a worm (13 damage)
             ... on level 2 of the Dungeon.
             The game lasted 00:02:41 (1028 turns).

Jynx the Poker (Merfolk Skald)                      Turns: 1028, Time: 00:02:42

Health: -4/28      AC:  3    Str: 12    XL:     3   Next: 62%
Magic:  6/6        EV: 12    Int: 12    God:
Gold:   92         SH:  0    Dex: 13    Spells: 2 memorised, 3 levels left

rFire  . . .     SeeInvis .     a - +0 spear
rCold  . . .     Gourm    .     b - +0 leather armour
rNeg   . . .     Faith    .     (no shield)
rPois  .         Spirit   .     (no helmet)
rElec  .         Reflect  .     (no cloak)
rCorr  .         Harm     .     (no gloves)
MR     .....                    (no boots)
Stlth  +.........               (no amulet)
                                (no ring)
                                (no ring)

@: no status effects
A: change form in water, swift swim, stealthy swim
a: no special abilities


You were on level 2 of the Dungeon.
You were hungry.

You visited 1 branch of the dungeon, and saw 2 of its levels.

You collected 92 gold pieces.

Inventory:

Hand Weapons
 a - a +0 spear (weapon)
Armour
 b - a +0 leather armour (worn)
Scrolls
 i - a scroll of immolation {unknown}
Potions
 e - a potion of cancellation
 g - a potion of cure mutation {unknown}
 h - 4 potions of curing
 l - a potion of brilliance
 m - a potion of lignification {unknown}
 n - a potion of agility {unknown}
 o - a potion of heal wounds {unknown}
Books
 c - a book of Battle

   Spells                             Type                      Level
   a - Infusion                       Charms                       1
   b - Shroud of Golubria             Charms/Translocation         2
   c - Song of Slaying                Charms                       2
   d - Spectral Weapon                Hexes/Charms                 3
   e - Regeneration                   Charms/Necromancy            3
Comestibles
 d - 2 bread rations
 f - 2 beef jerkies
 j - 3 chunks of flesh
 k - a meat ration


   Skills:
 + Level 2.6 Fighting
 * Level 4.4 Polearms
 - Level 0.6 Armour
 + Level 1.8 Dodging
 + Level 2.2 Spellcasting
 + Level 3.4 Charms


You had 3 spell levels left.
You knew the following spells:

 Your Spells              Type           Power        Failure   Level  Hunger
a - Infusion              Chrm           #...         10%         1    ##.....
b - Song of Slaying       Chrm           #.......     14%         2    ###....


Dungeon Overview and Level Annotations

Branches:
Dungeon (2/15)

Altars:
Trog


Message History

The moth of wrath goads the rat on!
The rat goes berserk!
The worm misses you.
You barely miss the worm.
The worm is lightly wounded.
The worm bites you.
You hit the worm.
The worm is moderately wounded.
The rat bites you.
You hit the worm but do no damage.
The worm is moderately wounded.
The worm closely misses you. The rat closely misses you.
You hit the worm.
The worm is moderately wounded.
The rat misses you. The worm barely misses you.
You hit the worm.
The worm is heavily wounded.
The rat barely misses you. The worm bites you! The rat bites you.
You barely miss the worm.
The worm is heavily wounded.
The rat bites you. The worm bites you!
You die...

......#..........†...#
..<.†.#...............#
....................#.#
......#........########
##.##.........##....###
#.###.########.......##
..# #.#### #.......).#
.### #....# #..rw#...)#
. ####.####..@###....
#....'...#y#._.)
###.##...###...)
####....#....#
#.........# ##.......##
##....### ######


You could see a moth of wrath, a worm (berserk) and a rat (berserk).

Vanquished Creatures
  An adder (D:1)
  A worm (D:2)
  A dart slug (D:1)
  2 leopard geckos (D:1)
  2 giant cockroaches (D:1)
  6 goblins
  3 hobgoblins (D:1)
  4 bats
  A frilled lizard (D:1)
  2 kobolds (D:1)
  7 rats
30 creatures vanquished.

Notes
Turn   | Place    | Note
-------+----------+-------------------------------------------
     0 | D:1      | Jynx the Merfolk Skald began the quest for the Orb.
     0 | D:1      | Reached XP level 1. HP: 16/16 MP: 3/3
   198 | D:1      | Reached XP level 2. HP: 23/23 MP: 5/5
   466 | D:1      | Reached XP level 3. HP: 27/28 MP: 6/6
   484 | D:1      | Reached skill level 4 in Polearms
   952 | D:2      | Learned a level 2 spell: Song of Slaying
  1009 | D:2      | Noticed a moth of wrath
  1011 | D:2      | Found a bloodstained altar of Trog.
  1028 | D:2      | Slain by a worm

Skill      XL: |  1  2  3 |
---------------+----------+-----
Polearms       | 4 |  4.4
Fighting       | |  2.6
Armour         | |  0.6
Dodging        | |  1.8
Spellcasting   | |  2.2
Charms         | |  3.4

Action                   || total
-------------------------++-------
Melee: Spear             ||   135
 Cast: Infusion          ||     1
  Use: Scroll            ||     4
 Stab: Sleeping          ||     1
Armor: Leather armour    ||    17
Dodge: Dodged            ||    62
